 Dungeon Crawl Stone Soup version 0.31.0-11-ge490571c62 (webtiles) character file.

Game seed: 11481134259649153257

39 qw the Shooter (level 3, -4/18 HPs)
             Began as a Spriggan Hunter on Feb 4, 2024.
             Slain by Natasha (6 damage)
             ... on level 2 of the Dungeon.
             The game lasted 00:00:03 (962 turns).

qw the Shooter (Spriggan Hunter)                     Turns: 962, Time: 00:00:04

Health: -4/18      AC:  2    Str:  7    XL:     3   Next: 26%
Magic:  4/4        EV: 19    Int: 10    God:
Gold:   88         SH:  0    Dex: 20    Spells: 2/2 levels left

rFire   . . .        a - +0 shortbow
rCold   . . .        (shield currently unavailable)
rNeg    . . .        c - +0 robe
rPois   .            (helmet restricted)
rElec   .            (no cloak)
rCorr   .            (gloves unavailable)
SInv    +            (boots unavailable)
Will    .....        (no amulet)
Stlth   ++           (no ring)
HPRegen 0.23/turn    (no ring)
MPRegen 0.09/turn

%: no passive effects
@: slowed, quick
A: very small, no large weapons, unfitting armour, see invisible, speed 3
a: no special abilities


You were on level 2 of the Dungeon.
You visited 1 branch of the dungeon, and saw 2 of its levels.

You collected 88 gold pieces.


Innate Abilities, Weirdness & Mutations

You are very small and have problems with some larger weapons.
You are too small for most types of armour.
You have supernaturally acute eyesight. (SInv)
You cover ground extremely quickly. (Speed+++)


   Skills:
 - Level 1.5 Fighting
 + Level 4.6 Ranged Weapons
 - Level 4.0 Dodging
 - Level 1.5 Stealth


You had 2 spell levels left.
You didn't know any spells.
Your spell library was empty.

Inventory:

Hand Weapons
 a - a +0 shortbow (weapon)
Armour
 c - a +0 robe (worn)
Potions
 e - 2 potions of curing

Dungeon Overview and Level Annotations

Branches:
Dungeon (2/15)

Altars:
Elyvilon

Annotations:
D:2 Natasha, Robin


Message History

You are caught in a web!
The web tears apart.
A hobgoblin comes into view.
The goblin barely misses you.
A hobgoblin comes into view.
You shoot an arrow. The arrow completely misses the goblin.
The hobgoblin shouts!
The arrow hits Natasha.
Natasha is lightly wounded.
Natasha completely misses you. The goblin misses you.
You shoot an arrow. The arrow hits Natasha.
Natasha is moderately wounded.
Natasha claws you but does no damage. The goblin misses you. Natasha claws you.
The goblin misses you.
You shoot an arrow. The arrow hits Natasha.
Natasha is heavily wounded.
Natasha claws you. The goblin closely misses you.
Natasha casts a spell.
The goblin misses you.
You shoot an arrow. The arrow hits Natasha.
Natasha is heavily wounded.
Natasha claws you! The goblin completely misses you. The goblin misses you.
Natasha mewls in sadness.
Natasha completely misses you.
You shoot an arrow. The arrow barely misses Natasha.
The arrow hits the goblin.
You kill the goblin!
Natasha barely misses you. The goblin completely misses you.
Enter note:
Enter note:
961 ||| RETREEEEATING.
Natasha attacks as she pursues you! Natasha misses you.
Natasha closely misses you.
You shoot an arrow. The arrow hits Natasha.
Natasha is almost dead.
The goblin no longer looks unusually strong. x3
Robin roars a battlecry!
The goblins go into a battle-frenzy!
Natasha claws you.
You die...
Natasha begins licking her fur clean.

# ###### #.#.....
........#########
.................
#.._.............
#$...g###.############
....gggh@.............
####..w##.#..#.##########
.....g............|......
...)..5..5..........#####
.........................
.....................####
.)....................<..
.$...............#.#.####
.........%#.#...(


You could see a ribbon worm, Robin, Natasha, a cerulean imp (summoned), a
hobgoblin (strong) and 3 goblins.

Vanquished Creatures
  4 endoplasms (D:1)
  2 giant cockroaches (D:1)
  8 goblins
  2 hobgoblins
  3 jackals (D:2)
  A quokka (D:1)
  2 ball pythons (D:1)
  4 bats (D:1)
  3 frilled lizards
  3 kobolds (D:1)
  2 rats
34 creatures vanquished.

Notes
Turn   | Place    | Note
-------+----------+-------------------------------------------
     0 | D:1      | qw the Spriggan Hunter began the quest for the Orb.
     0 | D:1      | Reached XP level 1. HP: 10/10 MP: 2/2
     0 | D:1      | 0 ||| qw: Version: 0.3-a-160-g6735b56
     0 | D:1      | 0 ||| qw: Game counter: 5140
     0 | D:1      | 0 ||| qw: Melee chars always use a shield: true
     0 | D:1      | 0 ||| qw: God list: Okawaru
     0 | D:1      | 0 ||| qw: Allow faded altars: false
     0 | D:1      | 0 ||| qw: Do Orc after clearing Dungeon:15 true
     0 | D:1      | 0 ||| qw: Do second Lair branch before Depths: true
     0 | D:1      | 0 ||| qw: Lair rune preference: random
     0 | D:1      | 0 ||| qw: Goals: Normal
     0 | D:1      | 0 ||| PLANNING D:1-11
    39 | D:1      | Reached skill level 3 in Dodging
   141 | D:1      | Reached XP level 2. HP: 14/14 MP: 3/3
   827 | D:1      | 827 ||| READING 2 scrolls labelled HOOGU APSYCLIST.
   828 | D:1      | 828 ||| READING scroll labelled TATOYJ ESSYGUC.
   831 | D:1      | 831 ||| READING scroll labelled DACOCY HICOME.
   831 | D:1      | 831 ||| IDENTIFYING 2 smoky pink potions
   832 | D:1      | 832 ||| READING scroll labelled QIGUT GELOA.
   857 | D:1      | 857 ||| DROPPING scroll of butterflies.
   858 | D:1      | 858 ||| DROPPING scroll of immolation.
   914 | D:2      | Reached XP level 3. HP: 18/18 MP: 4/4
   940 | D:2      | Found a white marble altar of Elyvilon.
   940 | D:2      | Identified the +1 hand axe of Royalism {heavy, Dex+3}
   951 | D:2      | Noticed Robin
   951 | D:2      | Noticed Natasha
   959 | D:2      | HP: 1/18 [Natasha (8)]
   961 | D:2      | 961 ||| RETREEEEATING.
   962 | D:2      | Slain by Natasha

Levels and vault maps discovered:
D:1:      nzn_arrival_crosshair, layout_basic, minmay_misc_feat_encased,
          interstate_on_off
D:2:      layout_basic, serial_forest, infiniplex_forest_straight_4,
          infiniplex_forest_lined_3, infiniplex_forest_lined_room_3,
          infiniplex_forest_zigzag_1, infiniplex_forest_split,
          infiniplex_forest_lined_1, infiniplex_forest_side_room,
          infiniplex_forest_lined_1, basic_altar, wad_floor_pattern_1, hex_tiny,
          uniq_natasha, uniq_crazy_yiuf_cottage, uniq_robin, uniq_terence

Skill      XL: |  1  2 |
---------------+-------+-----
Dodging        | 3 4 |  4.0
Fighting       | |  1.5
Ranged Weapons | |  4.6
Stealth        | |  1.5

Action                     || total
---------------------------++-------
   Fire: Shortbow          ||    94
    Use: Scroll            ||     4
 Armour: Robe              ||    16
  Dodge: Dodged            ||    49

Table legend:
 A = Non-vault XP
 B = Vault XP
 C = Vault XP percentage of total XP
 D = Non-vault monster count
 E = Vault monster count
 F = Vault count percentage of total count
                 A         B        C        D         E       F
            +---------+---------+-------+---------+---------+-------
      Total |      47 |       9 |  16.1 |      29 |       5 |  14.7
            +---------+---------+-------+---------+---------+-------
        D:1 |      37 |       0 |   0.0 |      23 |       0 |   0.0
        D:2 |      10 |       9 |  47.4 |       6 |       5 |  45.5
            +---------+---------+-------+---------+---------+-------
